 Dungeon Crawl Stone Soup version 0.26-a0-505-g732bf3b8d2 (webtiles) character file.

Game seed: 15493403171753514138

557 KristoblXynda the Slasher (level 7, -4/59 HPs)
             Began as a White Draconian Monk on Aug 9, 2020.
             Was a Priest of Ru.
             Slain by a sky beast (5 damage)
             ... on level 5 of the Dungeon.
             The game lasted 00:08:04 (5746 turns).

KristoblXynda the Slasher (White Draconian Monk)    Turns: 5746, Time: 00:08:05

Health: -4/59      AC:  1    Str: 14    XL:     7   Next: 9%
Magic:  7/7        EV: 14    Int: 12    God:    Ru [***...]
Gold:   267        SH: 10    Dex: 13    Spells: 6/6 levels left

rFire    + . .     SeeInvis .   a - +0 falchion
rCold    + . .     Faith    .   f - +0 buckler
rNeg     . . .     Spirit   .   (armour unavailable)
rPois    +         Reflect  +   (helmet restricted)
rElec    .         Harm     .   (no cloak)
rCorr    .                      (no gloves)
MR       .....                  (no boots)
Stlth    ++........             d - amulet of reflection
HPRegen  0.19/turn              h - ring of protection from fire
MPRegen  0.10/turn              g - ring of poison resistance

@: no status effects
A: breathe frost, unfitting armour, cold resistance 1, cold-blooded, reduced AC
1, inexperienced 1, AC +6
a: Breathe Frost, Draw Out Power, Renounce Religion


You were on level 5 of the Dungeon.
You worshipped Ru.
Ru was most pleased with you.
You visited 1 branch of the dungeon, and saw 5 of its levels.

You collected 267 gold pieces.

Inventory:

Hand Weapons
 a - a +0 falchion (weapon)
Armour
 f - a +0 buckler (worn)
Jewellery
 d - an amulet of reflection (around neck)
 g - a ring of poison resistance (right hand)
 h - a ring of protection from fire (left hand)
 j - an uncursed amulet of magic regeneration {unknown}
 o - an uncursed amulet of the acrobat {unknown}
Wands
 p - a wand of paralysis (8)
Scrolls
 b - 2 scrolls of teleportation
 l - 2 scrolls of enchant armour
 n - a scroll of immolation
 q - 2 scrolls of amnesia
Potions
 c - a potion of flight
 e - a potion of invisibility
 i - a potion of brilliance
 k - a potion of mutation {unknown}
 m - a potion of curing {unknown}


   Skills:
 - Level 4.1 Fighting
 + Level 5.7 Long Blades
 + Level 4.7 Dodging
 - Level 1.7 Stealth
 + Level 3.4 Shields


You had 6 spell levels left.
You didn't know any spells.
Your spell library was empty.

Dungeon Overview and Level Annotations

Branches:
Dungeon (5/15)
 Temple: D:4-7

Altars:
Dithmenos
Kikubaaqudgha
Ru
Xom
Yredelemnul
The Shining One

Annotations:
D:4 3 runed translucent doors, dogbrainedIDIOT's ghost, amateur OpCj


Innate Abilities, Weirdness & Mutations

You can breathe waves of freezing cold.
You can buffet flying creatures when you breathe cold.
Your icy white scales are hard. (AC +6)
You cannot fit into any form of body armour.
Your flesh is cold resistant. (rC+)
You are cold-blooded and may be slowed by cold attacks.
You take slightly more damage. (AC -5)
You are somewhat inexperienced. (-2 XL)


Message History

You hit something. Something hits you. Something shocks you.
You barely miss something. You tail-slap something. Something hits you.
Something shocks you.
You hit something but do no damage. You tail-slap something.
Something hits you. Something shocks you.
You closely miss something. Something hits you. Something shocks you.
You miss something. Something hits you but does no damage.
You barely miss something. Something hits you.
* * * LOW HITPOINT WARNING * * *
Something shocks you.
* * * LOW HITPOINT WARNING * * *
You miss something. Something hits you.
* * * LOW HITPOINT WARNING * * *
Something shocks you.
* * * LOW HITPOINT WARNING * * *
You focus your will and blind something in retribution!
You closely miss something. Something hits you.
* * * LOW HITPOINT WARNING * * *
Something shocks you.
You die...

.#..## # ..### .##
...## #.## ....##
#..##### .....##
#.......# ......#
##.......#
####..#######...#
..# #
##...#.......##...#
##......#...@{...#
#..#######...##..#
#.## #..## #.# ..##
##.# #..# # ###..#
#..# ###....## #.##
........#####..
............. #..
....## .


There were no monsters in sight!

Vanquished Creatures
  2 howler monkeys
  A vampire bat (D:4)
  An orc priest (D:4)
  A bullfrog skeleton (D:4)
  3 orc wizards
  3 worker ants
  2 river rats (D:3)
  8 adders
  2 ufetubi (D:5)
  2 oozes
  An adder skeleton (D:5)
  An adder zombie (D:5)
  A worm (D:2)
  3 dart slugs
  4 leopard geckos
  9 orcs
  4 bat skeletons (D:4)
  3 bat zombies (D:4)
  7 giant cockroaches
  9 goblins
  10 hobgoblins
  4 jackals (D:3)
  2 quokkas
  3 ball pythons
  7 bats
  6 frilled lizards
  10 kobolds
  2 leopard gecko skeletons (D:4)
  2 quokka zombies
  8 rats
121 creatures vanquished.

Vanquished Creatures (others)
  2 orc wizards (D:5)
  A worker ant (D:4)
3 creatures vanquished.

Grand Total: 124 creatures vanquished

Notes
Turn   | Place    | Note
-------+----------+-------------------------------------------
     0 | D:1      | KristoblXynda the Draconian Monk began the quest for the
                  | Orb.
     0 | D:1      | Reached XP level 1. HP: 19/19 MP: 1/1
   182 | D:1      | Reached XP level 2. HP: 24/26 MP: 2/2
   696 | D:1      | Reached XP level 3. HP: 33/33 MP: 3/3
  1542 | D:2      | Found a sacrificial altar of Ru.
  1542 | D:2      | Found a basalt altar of Yredelemnul.
  1558 | D:2      | Found a glowing golden altar of the Shining One.
  1560 | D:2      | Found a shadowy altar of Dithmenos.
  1561 | D:2      | Found a shimmering altar of Xom.
  1570 | D:2      | Reached skill level 4 in Long Blades
  1570 | D:2      | Reached XP level 4. HP: 30/40 MP: 4/4
  1665 | D:2      | Became a worshipper of Ru the Awakened
  1719 | D:2      | Gained mutation: You are somewhat inexperienced. (-2 XL)
                  | [Ru sacrifice]
  1719 | D:2      | Reached XP level 3. HP: 33/33 MP: 3/3
  1719 | D:2      | Reached XP level 2. HP: 27/27 MP: 2/2
  1719 | D:2      | Reached * piety under Ru
  1719 | D:2      | Reached ** piety under Ru
  1749 | D:2      | Found a sacrificial altar of Ru.
  2312 | D:2      | Reached XP level 3. HP: 6/33 MP: 3/3
  2333 | D:2      | HP: 1/33 [poisoned by an adder]
  2862 | D:3      | Reached XP level 4. HP: 24/40 MP: 4/4
  2867 | D:3      | Reached skill level 1 in Shields
  3507 | D:3      | Found a glowing drain.
  3518 | D:3      | Reached XP level 5. HP: 27/46 MP: 5/5
  3896 | D:4      | Reached skill level 5 in Long Blades
  3993 | D:4      | Reached XP level 6. HP: 30/52 MP: 6/6
  4297 | D:4      | Found a runed translucent gate.
  4298 | D:4      | Found a runed translucent gate.
  4298 | D:4      | Found a runed translucent gate.
  4303 | D:4      | Noticed dogbrainedIDIOT's ghost (amateur OpCj)
  4361 | D:4      | Found an ancient bone altar of Kikubaaqudgha.
  4498 | D:4      | Gained mutation: You take slightly more damage. (AC -5) [Ru
                  | sacrifice]
  4498 | D:4      | Reached *** piety under Ru
  4681 | D:5      | Entered Level 5 of the Dungeon
  5264 | D:5      | Your scales start taking on an icy white colour.
  5264 | D:5      | Reached XP level 7. HP: 48/59 MP: 7/7
  5264 | D:5      | Gained mutation: Your flesh is cold resistant. (rC+) [White
                  | Draconian growth]
  5746 | D:5      | HP: 1/59 [something (3)]
  5746 | D:5      | Slain by a sky beast

Illustrated notes

Levels and vault maps discovered:
D:1:      lightli_arrival_maybe_door_vault, layout_loops_ring
D:2:      layout_loops_ring, chequers_temple_overflow_minitemple,
          nicolae_ru_the_path_less_chosen
D:3:      layout_basic, portal_sewer_entry_b
D:4:      layout_rooms, kennysheep_vampire_church, gammafunk_ghost_necromancy
D:5:      layout_layer_cave

Skill      XL: |  1  2  3  4  5  6 |
---------------+-------------------+-----
Dodging        | 3 4 |  4.7
Long Blades    | 4 5 |  5.7
Fighting       | 4 |  4.1
Shields        | 1 2 3 |  3.4
Stealth        | |  1.7

Action                   |  1- 3 |  4- 6 |  7- 9 || total
-------------------------+-------+-------+-------++-------
Melee: Falchion          |   235 |   239 |    57 ||   531
       Tailslap          |    29 |    35 |     7 ||    71
Invok: Sacrifice Experie |     1 |       |       ||     1
       Sacrifice Health  |       |     1 |       ||     1
Evoke: Wand              |       |     1 |       ||     1
  Use: Potion            |     2 |     2 |       ||     4
       Scroll            |     8 |     1 |       ||     9
 Stab: Sleeping          |     9 |     2 |       ||    11
       Paralysed         |       |     6 |       ||     6
       Invisible         |       |     2 |       ||     2
       Distracted        |       |       |     1 ||     1
Armor: Skin              |    49 |    52 |     4 ||   105
Dodge: Dodged            |   147 |   137 |    31 ||   315
Block: Other             |    44 |    12 |       ||    56
       Reflection        |     1 |     1 |       ||     2
       Buckler           |       |    79 |    25 ||   104
       Rpst.: Falchion   |    47 |    37 |    12 ||    96

Table legend: (Time is in decaauts)
 A = Elapsed time spent in this place.
 B = Non-inter-level travel time spent in this place.
 C = Inter-level travel time spent in this place.
 D = Time resting spent in this place.
 E = Time spent auto-exploring this place.
 F = Levels seen in this place.
 G = Mean time per level.
                   A        B        C        D        E       F      G
               +--------+--------+--------+--------+--------+-----+--------+
         Total |   5786 |   5662 |    124 |   1431 |   2943 |   5 | 1157.2 |
       Dungeon |   5786 |   5662 |    124 |   1431 |   2943 |   5 | 1157.2 |
               +--------+--------+--------+--------+--------+-----+--------+

Top non-repeatable levels by time:
     D:2: 1688 daAuts
     D:1: 1070 daAuts
     D:5: 1067 daAuts
     D:3: 1061 daAuts
     D:4: 899 daAuts
